NYP
BROOKLYN CYCLONES @ MILWAUKEE (NYP) BREWERS
05/17/2044
 
TOP OF THE 1ST
Brooklyn Cyclones batting - Pitching for Milwaukee (NYP) Brewers : RHP Zach Green
Pitching: RHP Zach Green
Batting: RHB Tony Oria 0-0: Ball
1-0: Ball
2-0: Called Strike
2-1: Foul Ball, location: 2F
2-2: Ball
3-2: Base on Balls
Batting: RHB Allen Wozniak 0-0: Ball
1-0: Foul Ball, location: 2F
1-1: Called Strike
1-2: Foul Ball, location: 2F
1-2: SINGLE (Groundball, P, EV 86.2 MPH) (infield hit)
Tony Oria to second
Batting: LHB Victor Ferrermena 0-0: Ball
1-0: Ball
2-0: Ball
3-0: Called Strike
3-1: Called Strike
3-2: Strikes out looking
Tony Oria is caught stealing 3rd base 2-5
Batter strikes out.
Allen Wozniak to second
Batting: LHB Adam Barry 0-0: Ball
1-0: Called Strike
1-1: Ball
2-1: Swinging Strike
2-2: Strikes out swinging
Top of the 1st over - 0 runs, 1 hit, 0 errors, 1 left on base; Brooklyn 0 - Milwaukee (NYP) 0
BOTTOM OF THE 1ST
Milwaukee (NYP) Brewers batting - Pitching for Brooklyn Cyclones : RHP Tony Ramos
Pitching: RHP Tony Ramos
Batting: RHB Vinny Estrada 0-0: Foul Ball, location: 2F
0-1: Ball
1-1: Fly out, F7 (Flyball, 78D, EV 100.6 MPH)
Batting: SHB Robert Sayer 0-0: Called Strike
0-1: SINGLE (Groundball, 4MD, EV 97.5 MPH)
Batting: LHB Alfredo de la Cruz 0-0: Ball
Passed Ball!
Robert Sayer to second
1-0: Ball
2-0: Swinging Strike
2-1: Foul Ball, location: 2F
2-2: Ball
Wild Pitch!
Robert Sayer to third
3-2: SINGLE (Groundball, 6M, EV 98.8 MPH)
Robert Sayer scores
Batting: RHB Skyler Goss 0-0: Ball
Alfredo de la Cruz steals 2nd base
1-0: Foul Ball, location: 2F
1-1: Ball
Alfredo de la Cruz steals 3rd base
2-1: Called Strike
2-2: Reached on error, E6 (Groundball, 6, EV 86.2 MPH)
Alfredo de la Cruz scores
Batting: LHB Paul Collins 0-0: Ball
1-0: Called Strike
1-1: Ball
2-1: Ball
3-1: Base on Balls
Skyler Goss to second
Batting: RHB Dustin Hartman 0-0: Ball
1-0: Ball
2-0: Ball
3-0: Called Strike
3-1: Base on Balls
Skyler Goss to third
Paul Collins to second
Batting: RHB Brad Wren 0-0: Foul Ball, location: 2F
0-1: Called Strike
0-2: SINGLE (Groundball, 15S, EV 65.0 MPH) (infield hit)
Skyler Goss scores
Paul Collins to third
Dustin Hartman to second
Batting: SHB Adam Slade 0-0: Called Strike
0-1: Ball
1-1: Ball
2-1: Foul Ball, location: 2F
2-2: Foul Ball, location: 2F
2-2: Reached on error, E4 (Groundball, 34, EV 89.4 MPH)
Paul Collins scores
Dustin Hartman to third
Brad Wren to second
Batting: RHB Tom Campos 0-0: Ball
1-0: Called Strike
1-1: Foul Ball, location: 2F
1-2: Ball
2-2: Strikes out swinging
Batting: RHB Vinny Estrada 0-0: Called Strike
0-1: Ball
1-1: Swinging Strike
1-2: Ball
2-2: Strikes out swinging
Bottom of the 1st over - 4 runs, 3 hits, 2 errors, 3 left on base; Brooklyn 0 - Milwaukee (NYP) 4
TOP OF THE 2ND
Brooklyn Cyclones batting - Pitching for Milwaukee (NYP) Brewers : RHP Zach Green
Batting: SHB Julio Ramos 0-0: Ball
1-0: Called Strike
1-1: Ball
2-1: Swinging Strike
2-2: Strikes out swinging
Batting: LHB Kodai Furuki 0-0: Foul Ball, location: 2F
0-1: Ball
1-1: Ground out 5-3 (Groundball, 5, EV 91.9 MPH)
Batting: RHB Edolf Vlemmings 0-0: Called Strike
0-1: Foul Ball, location: 2F
0-2: Ball
1-2: Strikes out swinging
Top of the 2nd over - 0 runs, 0 hits, 0 errors, 0 left on base; Brooklyn 0 - Milwaukee (NYP) 4
BOTTOM OF THE 2ND
Milwaukee (NYP) Brewers batting - Pitching for Brooklyn Cyclones : RHP Tony Ramos
Batting: SHB Robert Sayer 0-0: Ball
1-0: Fly out, F6 (Line Drive, 6, EV 69.4 MPH)
Batting: LHB Alfredo de la Cruz 0-0: Fly out, F4 (Line Drive, 4, EV 70.0 MPH)
Batting: RHB Skyler Goss 0-0: Called Strike
0-1: Foul Ball, location: 2F
0-2: Ball
1-2: Ball
2-2: Fly out, F9 (Flyball, 9LM, EV 95.6 MPH)
Bottom of the 2nd over - 0 runs, 0 hits, 0 errors, 0 left on base; Brooklyn 0 - Milwaukee (NYP) 4
TOP OF THE 3RD
Brooklyn Cyclones batting - Pitching for Milwaukee (NYP) Brewers : RHP Zach Green
Batting: RHB Hyeok Kim 0-0: Ground out 5-3 (Groundball, 56, EV 83.1 MPH)
Batting: RHB Jung-keun Bai 0-0: Ball
1-0: Called Strike
1-1: Ball
2-1: Ground out 4-3 (Groundball, 4, EV 87.5 MPH)
Batting: RHB Tony Oria 0-0: Ball
1-0: Ball
2-0: Foul Ball, location: 2F
2-1: Ball
3-1: Swinging Strike
3-2: Strikes out swinging
Top of the 3rd over - 0 runs, 0 hits, 0 errors, 0 left on base; Brooklyn 0 - Milwaukee (NYP) 4
BOTTOM OF THE 3RD
Milwaukee (NYP) Brewers batting - Pitching for Brooklyn Cyclones : RHP Tony Ramos
Batting: LHB Paul Collins 0-0: Ball
1-0: Fly out, F6 (Popup, 6, EV 70.6 MPH)
Batting: RHB Dustin Hartman 0-0: Called Strike
0-1: Ball
1-1: Called Strike
1-2: Ball
2-2: DOUBLE (Groundball, 5L, EV 101.9 MPH)
Batting: RHB Brad Wren 0-0: Ground out 1-3 (Groundball, 34S, EV 70.0 MPH)
Dustin Hartman to third
Batting: SHB Adam Slade 0-0: Called Strike
0-1: Ground out 4-3 (Groundball, 4, EV 80.0 MPH)
Bottom of the 3rd over - 0 runs, 1 hit, 0 errors, 1 left on base; Brooklyn 0 - Milwaukee (NYP) 4
TOP OF THE 4TH
Brooklyn Cyclones batting - Pitching for Milwaukee (NYP) Brewers : RHP Zach Green
Batting: RHB Allen Wozniak 0-0: Ball
1-0: Swinging Strike
1-1: Ball
2-1: Foul Ball, location: 2F
2-2: Ball
3-2: Base on Balls
Batting: LHB Victor Ferrermena 0-0: Ball
1-0: Foul Ball, location: 2F
1-1: Ball
2-1: Fly out, F8 (Line Drive, 8RD, EV 88.8 MPH)
Batting: LHB Adam Barry 0-0: Ball
1-0: Ball
2-0: Fielders Choice at 2nd, 5-4 (Groundball, 5, EV 82.5 MPH)
Batting: SHB Julio Ramos 0-0: Ball
1-0: Foul Ball, location: 2F
1-1: Ball
2-1: Swinging Strike
2-2: Foul Ball, location: 2F
2-2: Foul Ball, location: 2F
2-2: Foul Ball, location: 2F
2-2: Strikes out swinging
Top of the 4th over - 0 runs, 0 hits, 0 errors, 1 left on base; Brooklyn 0 - Milwaukee (NYP) 4
BOTTOM OF THE 4TH
Milwaukee (NYP) Brewers batting - Pitching for Brooklyn Cyclones : RHP Tony Ramos
Batting: RHB Tom Campos 0-0: Ball
1-0: Foul Ball, location: 2F
1-1: Ground out 6-3 (Groundball, 6, EV 90.0 MPH)
Batting: RHB Vinny Estrada 0-0: Ball
1-0: Ball
2-0: Swinging Strike
2-1: Fly out, F9 (Flyball, 89S, EV 92.5 MPH)
Batting: SHB Robert Sayer 0-0: Called Strike
0-1: Ball
1-1: Called Strike
1-2: Foul Ball, location: 2F
1-2: Ball
2-2: Ground out 4-3 (Groundball, 4D, EV 99.4 MPH)
Bottom of the 4th over - 0 runs, 0 hits, 0 errors, 0 left on base; Brooklyn 0 - Milwaukee (NYP) 4
TOP OF THE 5TH
Brooklyn Cyclones batting - Pitching for Milwaukee (NYP) Brewers : RHP Zach Green
Batting: LHB Kodai Furuki 0-0: Ball
1-0: Called Strike
1-1: Foul Ball, location: 2F
1-2: Strikes out swinging
Batting: RHB Edolf Vlemmings 0-0: Called Strike
0-1: Called Strike
0-2: Ball
1-2: Ball
2-2: Fly out, F8 (Flyball, 8RS, EV 86.2 MPH)
Batting: RHB Hyeok Kim 0-0: Called Strike
0-1: Ball
1-1: Fly out, F9 (Flyball, 9S, EV 82.5 MPH)
Top of the 5th over - 0 runs, 0 hits, 0 errors, 0 left on base; Brooklyn 0 - Milwaukee (NYP) 4
BOTTOM OF THE 5TH
Milwaukee (NYP) Brewers batting - Pitching for Brooklyn Cyclones : RHP Tony Ramos
Batting: LHB Alfredo de la Cruz 0-0: Foul Ball, location: 2F
0-1: Called Strike
0-2: Ground out 4-3 (Groundball, 4, EV 107.5 MPH)
Batting: RHB Skyler Goss 0-0: Called Strike
0-1: Fly out, F9 (Flyball, 9, EV 88.1 MPH)
Batting: LHB Paul Collins 0-0: Ball
1-0: Ball
2-0: Called Strike
2-1: Ball
3-1: Swinging Strike
3-2: Ground out 3-1 (Groundball, 13, EV 78.1 MPH)
Bottom of the 5th over - 0 runs, 0 hits, 0 errors, 0 left on base; Brooklyn 0 - Milwaukee (NYP) 4
TOP OF THE 6TH
Brooklyn Cyclones batting - Pitching for Milwaukee (NYP) Brewers : RHP Zach Green
Pitching: RHP Brian Heimerman
Batting: RHB Jung-keun Bai 0-0: Called Strike
0-1: SINGLE (Groundball, 56D, EV 101.9 MPH)
Batting: RHB Tony Oria 0-0: Ball
1-0: Foul Ball, location: 2F
1-1: Foul Ball, location: 2F
1-2: Strikes out swinging
Batting: RHB Allen Wozniak 0-0: Foul Ball, location: 2F
0-1: Foul Ball, location: 2F
0-2: Foul Ball, location: 2F
0-2: DOUBLE (Flyball, 8RXD, EV 93.8 MPH)
Jung-keun Bai to third
Runner from 3rd tries for Home, SAFE, throw by CF to trailing runner, SAFE at third!
Batting: LHB Victor Ferrermena 0-0: Ball
1-0: Ball
2-0: Ball
3-0: Called Strike
3-1: Base on Balls
Batting: LHB Adam Barry 0-0: Ball
Pickoff Throw to First - Out! 1-3
1-0: Called Strike
1-1: Foul Ball, location: 2F
1-2: Ball
2-2: Foul Ball, location: 2F
2-2: Ball
3-2: Strikes out swinging
Top of the 6th over - 1 run, 2 hits, 0 errors, 1 left on base; Brooklyn 1 - Milwaukee (NYP) 4
BOTTOM OF THE 6TH
Milwaukee (NYP) Brewers batting - Pitching for Brooklyn Cyclones : RHP Tony Ramos
Batting: RHB Dustin Hartman 0-0: Called Strike
0-1: Ball
1-1: Ball
2-1: Ball
3-1: Base on Balls
Batting: RHB Brad Wren 0-0: Ball
1-0: Called Strike
1-1: Foul Ball, location: 2F
1-2: Ball
2-2: Ball
3-2: Fielders Choice at 2nd, 1-6 (Groundball, 34S, EV 63.8 MPH)
Batting: SHB Adam Slade 0-0: Grounds into double play, 4-6-3 (Groundball, 4, EV 80.6 MPH)
Bottom of the 6th over - 0 runs, 0 hits, 0 errors, 0 left on base; Brooklyn 1 - Milwaukee (NYP) 4
TOP OF THE 7TH
Brooklyn Cyclones batting - Pitching for Milwaukee (NYP) Brewers : RHP Brian Heimerman
Batting: SHB Julio Ramos 0-0: Called Strike
0-1: Ball
1-1: SINGLE (Groundball, 4D, EV 97.5 MPH)
Batting: LHB Kodai Furuki 0-0: Ball
1-0: Foul Ball, location: 2F
1-1: Foul Ball, location: 2F
1-2: Ball
2-2: SINGLE (Groundball, 6MD, EV 108.1 MPH)
Julio Ramos to second
Batting: RHB Edolf Vlemmings 0-0: Bunted foul
0-1: Bunt missed!
0-2: Ball
1-2: Fielders Choice at 2nd, 6-4 (Groundball, 6, EV 108.8 MPH)
Julio Ramos to third
Batting: RHB Hyeok Kim 0-0: Ball
1-0: Ball
2-0: Called Strike
Edolf Vlemmings steals 2nd base
2-1: Swinging Strike
2-2: Ball
3-2: Foul Ball, location: 2F
3-2: Strikes out swinging
Batting: RHB Jung-keun Bai Balk!
Julio Ramos scores
Edolf Vlemmings to third
0-0: Called Strike
0-1: Called Strike
0-2: Strikes out swinging
Top of the 7th over - 1 run, 2 hits, 0 errors, 1 left on base; Brooklyn 2 - Milwaukee (NYP) 4
BOTTOM OF THE 7TH
Milwaukee (NYP) Brewers batting - Pitching for Brooklyn Cyclones : RHP Tony Ramos
Batting: RHB Tom Campos 0-0: Foul Ball, location: 2F
0-1: Swinging Strike
0-2: Ball
1-2: Ground out 2-3 (Groundball, 2R, EV 68.1 MPH)
Batting: RHB Vinny Estrada 0-0: Called Strike
0-1: Ball
1-1: Fly out, F7 (Flyball, 7D, EV 94.4 MPH)
Batting: SHB Robert Sayer 0-0: Ground out 4-3 (Groundball, 4, EV 94.4 MPH)
Bottom of the 7th over - 0 runs, 0 hits, 0 errors, 0 left on base; Brooklyn 2 - Milwaukee (NYP) 4
TOP OF THE 8TH
Brooklyn Cyclones batting - Pitching for Milwaukee (NYP) Brewers : RHP Brian Heimerman
Pitching: LHP John Miller
Batting: RHB Tony Oria 0-0: Ball
1-0: Ball
2-0: Ball
3-0: Called Strike
3-1: Base on Balls
Batting: RHB Allen Wozniak 0-0: Foul Ball, location: 2F
0-1: Ball
1-1: Ball
2-1: Foul Ball, location: 2F
2-2: Ball
3-2: Foul Ball, location: 2F
3-2: Strikes out swinging
Batting: LHB Victor Ferrermena 0-0: Ball
1-0: Ball
2-0: Foul Ball, location: 2F
2-1: Fielders Choice at 2nd, 4-6 (Groundball, 4, EV 84.4 MPH)
Batting: LHB Adam Barry 0-0: SINGLE (Line Drive, 34, EV 99.4 MPH)
Victor Ferrermena to second
Runner from 2nd tries for 3rd, SAFE, throw by RF made to third
Batting: SHB Julio Ramos 0-0: Called Strike
0-1: Foul Ball, location: 2F
0-2: Ball
1-2: Ball
2-2: DOUBLE (Line Drive, 9LS, EV 99.4 MPH)
Victor Ferrermena scores
Adam Barry to third
Batting: LHB Kodai Furuki 0-0: Foul Ball, location: 2F
0-1: Foul Ball, location: 2F
0-2: Ball
1-2: Strikes out swinging
Top of the 8th over - 1 run, 2 hits, 0 errors, 2 left on base; Brooklyn 3 - Milwaukee (NYP) 4
BOTTOM OF THE 8TH
Milwaukee (NYP) Brewers batting - Pitching for Brooklyn Cyclones : RHP Tony Ramos
Pitching: LHP Jose Diaz
Batting: LHB Alfredo de la Cruz 0-0: Ball
1-0: SINGLE (Groundball, 6MD, EV 103.1 MPH)
Pitching: RHP Jason Vulich
Batting: RHB Skyler Goss 0-0: Fly out, F8 (Line Drive, 8RD, EV 93.8 MPH)
Batting: LHB Paul Collins 0-0: Ball
1-0: Ball
2-0: Ball
3-0: Called Strike
3-1: Called Strike
3-2: Strikes out looking
Batting: RHB Dustin Hartman 0-0: Ball
Alfredo de la Cruz steals 2nd base
1-0: SINGLE (Groundball, 56D, EV 98.1 MPH)
Alfredo de la Cruz to third
Runner from 3rd tries for Home, SAFE, throw by LF to home
Batting: RHB Brad Wren 0-0: Called Strike
0-1: Ball
1-1: Ball
2-1: Ball
3-1: Base on Balls
Dustin Hartman to second
Batting: SHB Adam Slade 0-0: Foul Ball, location: 2F
0-1: Hit by Pitch
Dustin Hartman to third
Brad Wren to second
Batting: RHB Tom Campos 0-0: Ball
1-0: Foul Ball, location: 2F
1-1: Ball
2-1: Foul Ball, location: 2F
2-2: Strikes out swinging
Bottom of the 8th over - 1 run, 2 hits, 0 errors, 3 left on base; Brooklyn 3 - Milwaukee (NYP) 5
TOP OF THE 9TH
Brooklyn Cyclones batting - Pitching for Milwaukee (NYP) Brewers : LHP John Miller
Pitching: RHP Javy Uribe
Batting: RHB Edolf Vlemmings 0-0: Foul Ball, location: 2F
0-1: Foul Ball, location: 2F
0-2: Ball
1-2: Hit by Pitch
Pinch Hitting: LHB Bill Fortin 0-0: Ball
1-0: Ball
2-0: Ball
3-0: Called Strike
3-1: Foul Ball, location: 2F
3-2: SINGLE (Flyball, 78S, EV 90.6 MPH)
Edolf Vlemmings to second
Edolf Vlemmings to third
Batting: RHB Jung-keun Bai 0-0: Ball
1-0: Swinging Strike
1-1: Swinging Strike
1-2: Strikes out swinging
Batting: RHB Tony Oria 0-0: Called Strike
0-1: Ball
1-1: Foul Ball, location: 2F
1-2: Ball
2-2: Ball
3-2: Strikes out swinging
Batting: RHB Allen Wozniak 0-0: Ball
1-0: Ground out 5-3 (Groundball, 5S, EV 66.2 MPH)
Top of the 9th over - 0 runs, 1 hit, 0 errors, 2 left on base; Brooklyn 3 - Milwaukee (NYP) 5
Thursday, March 31st , 2022 - OOTP Baseball 22.12 Build 89